 Dungeon Crawl Stone Soup version bcrawl-1.20 (webtiles) character file.

Game seed: 8094712984252441707

508 MisterOstroum the Shooter (level 6, -1/49 HPs)
             Began as a Demonspawn Hunter on Jan 23, 2020.
             Slain by a worker ant (5 damage)
             ... on level 3 of the Dungeon.
             The game lasted 00:25:05 (4325 turns).

MisterOstroum the Shooter (Demonspawn Hunter)       Turns: 4325, Time: 00:25:06

Health: -1/49      AC:  3    Str: 14    XL:     6   Next: 98%
Magic:  6/6        EV: 13    Int: 12    God:
Gold:   225        SH:  0    Dex: 14    Spells: 5/5 levels left

rFire    . . .     SeeInvis .   a - +2 shortbow
rCold    + . .     Gourm    .   (shield currently unavailable)
rNeg     . . .     Faith    .   c - +0 leather armour
rPois    .         Spirit   .   (helmet restricted)
rElec    .         Reflect  .   (no cloak)
rCorr    .         Harm     .   (no gloves)
MR       .....                  (no boots)
Stlth    ++........             (no amulet)
HPRegen  0.16/turn              e - ring of protection from cold
MPRegen  0.10/turn              (no ring)

@: lethally poisoned (-1 -> -4)
A: antennae 2, powered by pain 2
a: no special abilities


You were on level 3 of the Dungeon.
You were very hungry.

You visited 1 branch of the dungeon, and saw 4 of its levels.
You also visited: Sewer.

You collected 225 gold pieces.

Inventory:

Hand Weapons
 a - a +2 shortbow (weapon)
 b - a +2 dagger of speed
 f - a +1 short sword of protection
 g - a +0 trident
 k - a +0 spear
 u - a +0 blowgun
Missiles
 d - 439 arrows (quivered)
 i - 322 stones
 w - 95 poisoned needles
 y - 253 sling bullets
Armour
 c - a +0 leather armour (worn)
Jewellery
 e - a ring of protection from cold (left hand)
Scrolls
 h - a scroll of remove curse {unknown}
 l - a scroll of enchant armour {unknown}
 m - a scroll of teleportation {unknown}
 p - 3 scrolls of immolation
 r - a scroll of magic mapping {unknown}
 s - 2 scrolls of fear {unknown}
 t - a scroll of fog {unknown}
 v - a scroll of blinking {unknown}
Potions
 n - a potion of flight {unknown}
 q - a potion of brilliance
 x - a potion of lignification {unknown}


   Skills:
 * Level 4.7 Fighting
 * Level 5.2 Bows
 + Level 3.1 Dodging
 - Level 3.0 Stealth


You had 5 spell levels left.
You didn't know any spells.
Your spell library contained the following spells:

 Spells                   Type           Power        Failure   Level  Hunger
 Recall                   Summ/Tloc      N/A          77%         3    ####...
 Aura of Abjuration       Summ           #.........   100%        5    ######.
 Summon Demon             Summ           #.........   100%        5    ######.
 Summon Forest            Summ/Tloc      #.........   100%        5    ######.
 Summon Mana Viper        Hex/Summ       #.......     100%        5    ######.
 Shadow Creatures         Summ           N/A          100%        6    #######


Dungeon Overview and Level Annotations

Branches:
Dungeon (4/12)
 Temple: D:4-7

Altars:
Ru

Annotations:
D:3 Grinder


Innate Abilities, Weirdness & Mutations

You have a pair of antennae on your head.
You sometimes gain power by taking damage.


Message History

Aim: a worker ant (moderately wounded)
You shoot an arrow.
The arrow hits the worker ant but does no damage.
The worker ant is moderately wounded.
You feel sick. The worker ant bites you.
Firing (i - inventory. (/) - cycle)
d - 447 arrows (quivered)
Press: ? - help, Shift-Dir - straight line, f/p - worker ant
Aim: a worker ant (moderately wounded)
You shoot an arrow. The gnoll shaman shouts!
The arrow hits the worker ant but does no damage.
The worker ant is moderately wounded.
You feel sick. The worker ant misses you.
Firing (i - inventory. (/) - cycle)
d - 446 arrows (quivered)
Press: ? - help, Shift-Dir - straight line, f/p - worker ant
Aim: a worker ant (moderately wounded)
You shoot an arrow. The arrow barely misses the worker ant.
The worker ant closely misses you.
Firing (i - inventory. (/) - cycle)
d - 445 arrows (quivered)
Press: ? - help, Shift-Dir - straight line, f/p - worker ant
Aim: a worker ant (moderately wounded)
You shoot an arrow. The arrow hits the worker ant.
The worker ant is severely wounded.
You feel sick. The worker ant bites you.
A gnoll comes into view. It is wielding a +0 club.
The worker ant bites you.
You are more poisoned.
The worker ant poisons you!
Firing (i - inventory. (/) - cycle)
d - 444 arrows (quivered)
Press: ? - help, Shift-Dir - straight line, f/p - worker ant
Aim: a worker ant (severely wounded)
You shoot an arrow. The arrow barely misses the worker ant.
The gnoll shouts!
You feel sick.
The worker ant bites you but does no damage.
You feel sick.
Firing (i - inventory. (/) - cycle)
d - 443 arrows (quivered)
Press: ? - help, Shift-Dir - straight line, f/p - worker ant
Aim: a worker ant (severely wounded)
You shoot an arrow. The arrow hits the worker ant.
The worker ant is almost dead.
You feel sick.
A gnoll comes into view. It is wielding a +0 whip.
The worker ant bites you.
You feel sick.
You feel sick. The worker ant barely misses you.
Firing (i - inventory. (/) - cycle)
d - 442 arrows (quivered)
Press: ? - help, Shift-Dir - straight line, f/p - worker ant
Aim: a worker ant (almost dead)
You shoot an arrow. The arrow barely misses the worker ant.
The arrow barely misses the gnoll shaman.
The gnoll shouts!
The arrow hits the gnoll.
The gnoll is moderately wounded.
You feel sick. The worker ant closely misses you.
You feel sick.
You feel sick.
The gnoll shaman calls upon its god to speed up the gnoll.
The gnoll seems to speed up.
Firing (i - inventory. (/) - cycle)
d - 441 arrows (quivered)
Press: ? - help, Shift-Dir - straight line, f/p - worker ant
Aim: a worker ant (almost dead)
Okay, then.
You feel sick.
You feel sick.
The worker ant bites you but does no damage.
You feel sick.
The gnoll shaman calls upon its god to heal something.
You feel sick. The gnoll hits you with a +0 club.
* * * LOW HITPOINT WARNING * * *
You feel sick.
Really quaff
o - a potion of curing {@q1 !q}?
You feel better. The worker ant misses you. The gnoll completely misses you.
The worker ant bites you. The gnoll completely misses you.
Found a stone staircase leading down.
There is a stone staircase leading up here.
The worker ant bites you.
You are poisoned.
The worker ant poisons you! The gnoll closely misses you.
The worker ant barely misses you.
You climb upwards.
Level annotation: Grinder You feel sick.
There is a stone staircase leading down here.
Firing (i - inventory. (/) - cycle)
d - 441 arrows (quivered)
Press: ? - help, Shift-Dir - straight line, f - worker ant
Aim: a worker ant (severely wounded)
You shoot an arrow. The arrow barely misses the worker ant.
You feel sick. The gnoll closely misses you. The worker ant closely misses you.
The gnoll barely misses you.
Firing (i - inventory. (/) - cycle)
d - 440 arrows (quivered)
Press: ? - help, Shift-Dir - straight line, f/p - worker ant
Aim: a worker ant (severely wounded)
You shoot an arrow.
The arrow completely misses the worker ant.
The gnoll hits you with a +0 club!
* * * LOW HITPOINT WARNING * * *
The worker ant bites you.
You die...

#.........#.!#
#.####....#..#
#.# #.#....#
####.####.####.#
### ##
#.........# #.#
#.## ##.
#.##.###..#
#.###..# #..
#.##.# #..#
#..##..###..
##.##.# #g.#
##..##..#..#
##...#.# #@.#
##.........
#......# #.a#
##########
#....### #..#
#.#.## #.##
#.#.# #.#
#.#.######.#
#.#........#
#.########.# #.#
#.#


You could see a worker ant and a gnoll.

Vanquished Creatures
  Purgy (Sewer)
  A centaur (D:4)
  A scorpion (D:3)
  3 orc wizards
  A centaur skeleton (D:1)
  A bullfrog skeleton (D:4)
  2 adders (Sewer)
  3 oozes
  2 worms (D:2)
  3 dart slugs
  10 leopard geckos
  7 orcs
  2 giant cockroaches
  6 goblins
  9 hobgoblins
  2 jackals (D:3)
  9 kobolds
  8 quokkas
  2 ball pythons
  9 bats
  6 frilled lizards
  A quokka skeleton (D:4)
  3 rats
92 creatures vanquished.

Notes
Turn   | Place    | Note
-------+----------+-------------------------------------------
     0 | D:1      | MisterOstroum the Demonspawn Hunter began the quest for the
                  | Orb.
     0 | D:1      | Reached XP level 1. HP: 16/16 MP: 1/1
   185 | D:1      | You fall into a shaft and drop 1 floor!
   198 | D:2      | Gained mutation: You have a pair of small antennae on your
                  | head. [demonic ancestry]
   198 | D:2      | Reached XP level 2. HP: 23/23 MP: 2/2
   217 | D:2      | Found a sacrificial altar of Ru.
   224 | D:2      | Became a worshipper of Ru the Awakened
   399 | D:2      | HP: 1/23 [hobgoblin (5)]
   741 | D:2      | Reached skill level 4 in Bows
   741 | D:2      | Reached XP level 3. HP: 15/29 MP: 3/3
  1078 | D:1      | Gained mutation: You sometimes gain a little power by
                  | taking damage. [demonic ancestry]
  1078 | D:1      | Reached XP level 4. HP: 25/35 MP: 4/4
  2079 | D:1      | Gained mutation: You sometimes gain power by taking damage.
                  | [demonic ancestry]
  2079 | D:1      | Reached XP level 5. HP: 41/41 MP: 5/5
  2676 | D:3      | Fell from the grace of Ru
  2944 | D:3      | Noticed Grinder
  3042 | D:3      | Found a glowing drain.
  3064 | Sewer    | Entered a sewer
  3306 | Sewer    | Noticed Purgy
  3315 | Sewer    | Killed Purgy
  3315 | Sewer    | Gained mutation: You have a pair of antennae on your head.
                  | [demonic ancestry]
  3315 | Sewer    | Reached XP level 6. HP: 26/48 MP: 6/6
  3671 | D:3      | Reached skill level 5 in Bows
  4325 | D:3      | Slain by a worker ant

Skill      XL: |  1  2  3  4  5  6 |
---------------+-------------------+-----
Dodging        | 2 3 |  3.1
Fighting       | 3 4 |  4.7
Bows           | 4 5 |  5.2
Stealth        | 2 3 |  3.0

Action                   |  1- 3 |  4- 6 || total
-------------------------+-------+-------++-------
Melee: Short sword       |    38 |       ||    38
       Dagger            |    15 |   125 ||   140
 Fire: Shortbow          |    42 |   140 ||   182
Throw: Stone             |     7 |    17 ||    24
Invok: Reject Sacrifices |       |     1 ||     1
       Renounce Religion |       |     1 ||     1
  Use: Scroll            |       |     4 ||     4
       Potion            |       |     3 ||     3
 Stab: Sleeping          |     1 |     5 ||     6
  Eat: Ration            |     1 |       ||     1
       Chunk             |       |     6 ||     6
Armor: Leather armour    |    13 |    40 ||    53
Dodge: Dodged            |    43 |   116 ||   159
